 Dungeon Crawl Stone Soup version 0.29-a0-321-gf1c400731a (webtiles) character file.

Game seed: 17415055972431296691

425 kae the Firebug (level 6, -8/35 HPs)
             Began as a Tengu Fire Elementalist on Apr 4, 2022.
             Killed by divine providence
             ... invoked by an orc priest
              (15 damage)
             ... on level 4 of the Dungeon.
             The game lasted 00:02:58 (4400 turns).

kae the Firebug (Tengu Fire Elementalist)           Turns: 4400, Time: 00:02:58

Health: -8/35      AC:  5    Str:  8    XL:     6   Next: 96%
Magic:  5/20       EV: 15    Int: 18    God:
Gold:   273        SH:  0    Dex: 14    Spells: 8/11 levels left

rFire   . . .      SeeInvis .   q - +1 hand axe (vorpal)
rCold   + . .      Faith    .   (no shield)
rNeg    . . .      Spirit   .   n - +0 leather armour {rPois}
rPois   +          Reflect  .   o - +2 hat
rElec   .          Harm     .   (no cloak)
rCorr   .          Rampage  .   (no gloves)
Will    .....                   (boots unavailable)
Stlth   ++........              (no amulet)
HPRegen 0.11/turn               d - ring of protection from cold
MPRegen 0.17/turn               f - ring of magical power

@: flying quickly and evasively, quick
A: beak, talons 3, nimble flight
a: no special abilities


You were on level 4 of the Dungeon.
You visited 1 branch of the dungeon, and saw 4 of its levels.

You collected 273 gold pieces.

Inventory:

Hand Weapons
 q - a +1 vorpal hand axe (weapon)
Armour
 a - a +0 robe
 n - a +0 leather armour of poison resistance (worn)
 o - a +2 hat (worn)
Jewellery
 d - a ring of protection from cold (left hand)
 f - a ring of magical power (right hand)
Wands
 i - a wand of iceblast (8)
Scrolls
 e - a scroll of blinking
 h - a scroll of fear {unknown}
 m - a scroll of enchant weapon
Potions
 b - 2 potions of magic
 c - 5 potions of curing
 g - a potion of brilliance
 j - 2 potions of might
 k - 2 potions of invisibility {unknown}
 l - 2 potions of resistance {unknown}
 p - a potion of heal wounds {unknown}


   Skills:
 + Level 2.1 Fighting
 + Level 2.6 Armour
 + Level 3.5 Dodging
 - Level 2.0 Stealth
 + Level 3.0 Spellcasting
 + Level 3.4 Conjurations
 * Level 5.3 Fire Magic


You had 8 spell levels left.
You knew the following spells:

 Your Spells              Type           Power      Damage    Failure   Level
a - Foxfire               Conj/Fire      72%        2x1d7     3%          1
b - Scorch                Fire           42%        2d7       3%          2

Your spell library contained the following spells:

 Spells                   Type           Power      Damage    Failure   Level
 Conjure Flame            Conj/Fire      18%        6-21      12%         3
 Summon Small Mammal      Summ           8%         N/A       22%         1
 Inner Flame              Hex/Fire       12%        N/A       22%         3
 Flame Wave               Conj/Fire      18%        2d6       36%         4
 Call Canine Familiar     Summ           2%         N/A       56%         3
 Gell's Gravitas          Tloc           2%         N/A       56%         3
 Lesser Beckoning         Tloc           2%         N/A       56%         3
 Portal Projectile        Hex/Tloc       4%         N/A       56%         3
 Summon Guardian Golem    Hex/Summ       2%         N/A       56%         3
 Teleport Other           Tloc           2%         N/A       56%         3
 Leda's Liquefaction      Hex/Erth       1%         N/A       92%         4
 Blade Hands              Tmut           1%         N/A       99%         5
 Excruciating Wounds      Necr           1%         N/A       99%         5


Dungeon Overview and Level Annotations

Branches:
Dungeon (4/15)
 Temple: D:4-7

Altars:

Annotations:
D:4 Pikel


Innate Abilities, Weirdness & Mutations

You have a beak for a mouth.
You have claws for feet.
Your magical nature lets you fly swiftly and evasively.


Message History

The orc priest is severely wounded.
The orc priest's fire resistance burns away.
The orc priest hits you with a +0 hand axe.
The orc priest closely misses you.
A gnoll comes into view. It is wielding a +0 halberd.
Your magical contamination has completely faded away.
Casting: Scorch (safe; 4% risk of failure)
Confirm with . or Enter, or press ? or * to list all spells.
Flames lash the gnoll.
The gnoll is severely wounded.
The gnoll's fire resistance burns away.
The orc priest mumbles some strange prayers to Beogh against you.
Beogh smites you!
A gnoll comes into view. It is wielding a +0 spear.
The orc priest barely misses you.
Casting: Scorch (safe; 4% risk of failure)
Confirm with . or Enter, or press ? or * to list all spells.
Flames lash the gnoll.
The gnoll is moderately wounded.
The gnoll's fire resistance burns away.
The orc priest hits you but does no damage.
The orc priest closely misses you.
Casting: Scorch (safe; 4% risk of failure)
Confirm with . or Enter, or press ? or * to list all spells.
Flames lash the gnoll.
The gnoll is burned terribly!
You kill the gnoll!
The orc priest is no longer more vulnerable to fire.
The orc priest hits you with a +0 hand axe.
The gnoll is no longer more vulnerable to fire.
The orc priest hits you with a +0 hand axe.
* * * LOW HITPOINT WARNING * * *
You hit the orc priest.
You claw the orc priest, but do no damage.
Your peck misses the orc priest.
The orc priest is almost dead.
The orc priest hits you with a +0 hand axe.
* * * LOW HITPOINT WARNING * * *
The orc priest calls down the wrath of Beogh upon you.
Beogh smites you!
You die...

#...#.###..####.#
## #...#.##..##
#.# .##
#...#....## #.#
..###...###..###
#.# #.......#
#....# #.#
#####...# ##.#.#
.. #...# ...#.###
#...##.###...#
#...##. ###@#
##.### #o# .#


#gg .. ##g. ... .... ..... ...... You could see a gnoll shaman, an orc priest
and 2 gnolls.

Vanquished Creatures
  Grinder (D:3)
  2 lemures (D:3)
  A scorpion (D:4)
  An orc priest (D:4)
  Terence (D:3)
  A gnoll (D:4)
  3 adders
  5 worms (D:3)
  2 dart slugs
  3 orcs
  3 endoplasms
  A giant cockroach (D:4)
  A goblin (D:2)
  5 hobgoblins
  6 jackals (D:2)
  4 quokkas
  11 ball pythons
  5 bats
  A frilled lizard (D:2)
  4 kobolds
  4 rats
65 creatures vanquished.

Vanquished Creatures (collateral kills)
  5 foxfires (D:1)
5 creatures vanquished.

Vanquished Creatures (others)
  203 foxfires
  A withered plant (D:1)
204 creatures vanquished.

Grand Total: 274 creatures vanquished

Notes
Turn   | Place    | Note
-------+----------+-------------------------------------------
     0 | D:1      | kae the Tengu Fire Elementalist began the quest for the
                  | Orb.
     0 | D:1      | Reached XP level 1. HP: 10/10 MP: 4/4
   696 | D:1      | Reached XP level 2. HP: 15/16 MP: 4/6
  1052 | D:1      | Found a faded altar of an unknown god.
  1398 | D:2      | Learned a level 2 spell: Scorch
  1503 | D:2      | Reached XP level 3. HP: 8/20 MP: 7/7
  1782 | D:2      | Reached skill level 1 in Armour
  2213 | D:2      | Reached skill level 4 in Fire Magic
  2821 | D:3      | Reached XP level 4. HP: 24/24 MP: 8/8
  2843 | D:3      | Reached skill level 1 in Fighting
  3030 | D:3      | Noticed Grinder
  3032 | D:3      | Paralysed by Grinder for 4 turns
  3044 | D:3      | Paralysed by Grinder for 4 turns
  3049 | D:3      | Killed Grinder
  3050 | D:3      | Gained mutation: Your magical nature lets you fly swiftly
                  | and evasively. [Tengu growth]
  3050 | D:3      | Reached XP level 5. HP: 20/30 MP: 8/10
  3050 | D:3      | Reached XP level 6. HP: 23/35 MP: 8/11
  3290 | D:3      | Noticed Terence
  3339 | D:3      | Identified the +6 chain mail of Vexation {-Tele rC+++
                  | rCorr}
  3672 | D:3      | Killed Terence
  3673 | D:3      | Reached skill level 5 in Fire Magic
  3985 | D:4      | Noticed Pikel
  4400 | D:4      | Killed from afar by an orc priest

Illustrated notes

Levels and vault maps discovered:
D:1:      psy_arrival_spokes, layout_basic, shapermc_ecumenical_altar_gd
D:2:      layout_basic
D:3:      layout_basic, nicolae_wormholes, uniq_terence, uniq_grinder
D:4:      layout_rooms, uniq_pikel

Skill      XL: |  1  2  3  4  5  6 |
---------------+-------------------+-----
Armour         | 1 2 |  2.6
Fire Magic     | 4 5 |  5.3
Conjurations   | 2 3 |  3.4
Fighting       | 1 2 |  2.1
Dodging        | 3 |  3.5
Spellcasting   | 3 |  3.0
Stealth        | |  2.0

Action                   |  1- 3 |  4- 6 || total
-------------------------+-------+-------++-------
Melee: Unarmed           |    18 |       ||    18
       Kick              |     5 |     2 ||     7
       Peck              |     2 |     2 ||     4
       Hand axe          |       |     9 ||     9
 Cast: Foxfire           |    69 |    54 ||   123
       Scorch            |    13 |    25 ||    38
  Use: Scroll            |     3 |     7 ||    10
       Potion            |       |     1 ||     1
 Stab: Sleeping          |     1 |       ||     1
Armor: Robe              |     4 |       ||     4
       Leather armour    |     3 |     8 ||    11
       Skin              |       |     2 ||     2
Dodge: Dodged            |    31 |    29 ||    60

Table legend: (Time is in decaauts)
 A = Elapsed time spent in this place.
 B = Non-inter-level travel time spent in this place.
 C = Inter-level travel time spent in this place.
 D = Time resting spent in this place.
 E = Time spent auto-exploring this place.
 F = Levels seen in this place.
 G = Mean time per level.
                   A        B        C        D        E       F      G
               +--------+--------+--------+--------+--------+-----+--------+
         Total |   4350 |   4158 |    192 |    410 |   3165 |   4 | 1087.5 |
       Dungeon |   4350 |   4158 |    192 |    410 |   3165 |   4 | 1087.5 |
               +--------+--------+--------+--------+--------+-----+--------+

Top non-repeatable levels by time:
     D:2: 1439 daAuts
     D:3: 1359 daAuts
     D:1: 1194 daAuts
     D:4: 356 daAuts
